Unix NetHack Version 5.0.0-0 post-release - last build Jun 10 2026 00:39:30 (3ee93aec679c4c4259841fe613dc97188e26a321,branch:main).

Game began 2026-06-16 17:14:25, ended 2026-06-16 18:21:11.

DiePARTEI, neutral female human Tourist

       -----------      ------------
       |..........#### #|........u..##
       |....)....|######+........@.| ##       -----
       |.........|     #|..........|  #       ....|           ------
       |.....<...|     #|..........|  ##      |.%[.####      #.....|
       |.........|    ##--------.---   #      |...|          #|....|
       -----------     ###########     #      -.---         ##|....|
                               #       ##      #         #### |....|
                               #        ###    #            # |....|
                               #        ##   #################.....|
                             ###        ###      #        ##  ------
                          ---.-----------##      ####    ##
                          |.............|##         ##   #
                          |(............|##          #  ##
                          |..............##          #  #
                          |.............| #     -----.--#
                          |.............| ######-.>.....#
                          ---------------       |......|
                                                --------

DiePARTEI the Excursionist  St:25 Dx:13 Co:17 In:12 Wi:10 Ch:15  Neutral
Dlvl:5  $:155 HP:0(65) Pw:19(19) AC:3  Xp:7 T:6295  Satiated Burdened

Latest messages:
 You see here 3 +0 darts.
 You have a little trouble lifting a - 3 +0 darts (at the ready) (5 in total).
 You see here a +0 dart.
 You have a little trouble lifting a - a +0 dart (at the ready) (6 in total).
 You see here 2 +0 darts.
 You have a little trouble lifting a - 2 +0 darts (at the ready) (8 in total).
 There is a doorway here.
 You see here a +0 dart.
 You have a little trouble lifting a - a +0 dart (at the ready) (9 in total).
 You feel more confident in your fighting skills.
 You kill the wolf!
 You see here a wolf corpse.
 You are now most skilled in bare handed combat.
 There is a wolf corpse here; eat it? [ynq] (n) y
 This wolf corpse is fatty.
 You hear the chime of a cash register.
 You finish eating the wolf corpse.
 You see here 10 gold pieces.
 You have a little trouble lifting $ - 10 gold pieces (155 in total).
 The black unicorn butts!
 The black unicorn kicks!
 The black unicorn misses!
 The black unicorn kicks!
 In what direction? 9
 The dart misses the black unicorn.
 The black unicorn misses!
 The black unicorn kicks!
 There is a doorway here.
 You see here a +0 dart.
 You have a little trouble lifting a - a +0 dart (at the ready) (9 in total).
 The black unicorn butts!
 The black unicorn kicks!
 The black unicorn butts!
 The black unicorn misses!
 In what direction? 8
 The dart misses the black unicorn.
 The black unicorn misses!
 The black unicorn kicks!
 The black unicorn butts!
 The black unicorn kicks!
 The black unicorn misses!
 The black unicorn kicks!
 The black unicorn butts!
 The black unicorn kicks!
 You die...
 Do you want your possessions identified? [ynq] (y) y
 Do you want to see your attributes? [ynq] (y) y
 Do you want an account of creatures vanquished? [ynaq] (y) y
 Do you want to see your conduct and achievements? [ynq] (y) y
 Do you want to see the dungeon overview? [ynq] (y) y

Inventory:
 Coins    ('$')
  $ - 155 gold pieces
 Weapons  (')')
  V - 22 +1 darts
  a - 8 +0 darts (at the ready)
 Armor    ('[')
  F - an uncursed +0 helmet (being worn)
  A - an uncursed greased rustproof +0 pair of gauntlets of power (being worn)
  C - an uncursed +0 pair of leather gloves
  E - an uncursed +0 pair of low boots (being worn)
  K - an uncursed +0 shield of shock resistance (being worn)
  q - an uncursed +0 mummy wrapping
  l - an uncursed +0 Hawaiian shirt with a bird of paradise motif (being worn)
  M - an uncursed +0 studded leather armor (being worn)
 Comestibles  ('%')
  f - 3 uncursed slime molds
  z - an uncursed apple
  d - an uncursed candy bar labeled "Nilla Crunchie"
  J - an uncursed cream pie
  c - 7 uncursed food rations
  x - 2 uncursed fortune cookies
  b - an uncursed tripe ration
 Scrolls  ('?')
  j - 8 uncursed scrolls of blank paper
  W - a cursed scroll of blank paper
  Y - a cursed scroll of remove curse
  y - an uncursed scroll of taming
 Spellbooks  ('+')
  e - an uncursed spellbook of magic missile
 Potions  ('!')
  H - a blessed potion of gain level
  o - an uncursed potion of monster detection
  D - a blessed potion of object detection
  r - a cursed potion of object detection
  k - an uncursed potion of paralysis
  v - 3 potions of holy water
  t - an uncursed potion of water
  N - an uncursed potion of water
 Rings    ('=')
  I - an uncursed +1 ring of increase damage
  P - an uncursed ring of protection from shape changers
  p - an uncursed ring of stealth
  w - an uncursed ring of sustain ability
 Wands    ('/')
  B - a wand of cancellation (0:3)
  X - a wand of lightning (0:4)
 Tools    ('(')
  s - an uncursed bag of holding containing 1 item
  h - a can of grease (0:16)
  n - an uncursed credit card
  m - an expensive camera (0:93)
  R - an uncursed oil lamp
  S - a +0 pick-axe
  Q - an uncursed skeleton key
  u - a tinning kit (0:65)
 Gems/Stones  ('*')
  L - an uncursed amber stone
  G - an uncursed amethyst stone
  i - 2 uncursed worthless pieces of black glass
  Z - 2 uncursed worthless pieces of blue glass
  O - 3 uncursed worthless pieces of green glass
  U - an uncursed worthless piece of red glass
  T - 2 uncursed worthless pieces of violet glass

Contents of the bag of holding:
  460 gold pieces

DiePARTEI the Tourist's attributes:

Background:
 You were an Excursionist, a level 7 female human Tourist.
 You were neutral, on a mission for The Lady
 who was opposed by Blind Io (lawful) and Offler (chaotic).
 You were left-handed.
 You were in the Dungeons of Doom, on level 5.
 You entered the dungeon 6295 turns ago.
 There was a new moon in effect when your adventure ended.
 You had 1168 experience points, 112 more were needed to attain level 8.

Basics:
 You had 0 out of 65 hit points.
 You had all 19 energy points (spell power).
 Your armor class was 3.
 Your wallet contained 155 zorkmids, and
 you had 460 more stashed away in your pack.
 Autopickup was off.

Final Characteristics:
 Your strength was 25 (base:11, peak:12, innate limit:18/100).
 Your dexterity was 13 (limit:18).
 Your constitution was 17 (limit:18).
 Your intelligence was 12 (limit:18).
 Your wisdom was 10 (limit:18).
 Your charisma was 15 (limit:18).

Final Status:
 You were satiated.
 You were burdened; movement was slightly slowed.
 You were empty handed.
 You were skilled in bare handed combat.

Final Attributes:
 You were piously aligned.
 You were shock resistant.
 Your items were protected from electric shocks.
 You were warded.
 You are dead.

Miscellaneous:
 You didn't encounter any bones levels.
 Total elapsed playing time was 1 hour, 6 minutes and 46 seconds.

Major events:
 Turn
    1: DiePARTEI the neutral female human Tourist entered the dungeon
  865: made her first wish - "blessed greased fireproof rustproof erodeproof +2 gauntlets of power", got "a greased pair of old gloves"
  914: entered the Gnomish Mines
 1233: attained the rank of Sightseer (level 3)
 2181: reached Mine Town
 2359: attained the rank of Excursionist (level 6)
 5413: chose a runed dagger to be named "Sting"
 6295: killed by a black unicorn

You didn't know any spells.

Skills:
 Fighting Skills
   bare handed combat [Skilled]
   two weapon combat  [Unskilled]
   riding             [Unskilled]
 Weapon Skills
   dagger             [Unskilled]
   knife              [Unskilled]
   axe                [Unskilled]
   pick-axe           [Unskilled]
   short sword        [Unskilled]
   broadsword         [Unskilled]
   long sword         [Unskilled]
   two-handed sword   [Unskilled]
   saber              [Unskilled]
   mace               [Unskilled]
   morning star       [Unskilled]
   flail              [Unskilled]
   hammer             [Unskilled]
   quarterstaff       [Unskilled]
   polearms           [Unskilled]
   spear              [Unskilled]
   trident            [Unskilled]
   lance              [Unskilled]
   bow                [Unskilled]
   sling              [Unskilled]
   crossbow           [Unskilled]
   dart               [Basic]
   shuriken           [Unskilled]
   boomerang          [Unskilled]
   whip               [Unskilled]
   unicorn horn       [Unskilled]
 Spellcasting Skills
   divination spells  [Unskilled]
   enchantment spells [Unskilled]
   escape spells      [Unskilled]

Voluntary challenges:
 Character rerolling was not enabled.
 You never genocided any monsters.
 You never polymorphed an object.
 You never changed form.
 You used 1 wish.
 You did not wish for any artifacts.
Achievements:
 You entered the Gnomish Mines.
 You entered a shop.
 You attained the rank of Sightseer.
 You entered Minetown.
 You attained the rank of Excursionist.
 You entered a temple.

 The Dungeons of Doom: levels 1 to 5
    Level 1:
       A fountain.
    Level 2:
       A sink.
    Level 3:
       A general store, a sink.
       Stairs down to The Gnomish Mines.
    Level 4:
       A general store.
    Level 5: <- You were here.
       Final resting place for
          you, killed by a black unicorn.
 The Gnomish Mines: levels 4 to 7
    Level 4:
    Level 5:
    Level 6:
    Level 7:
       Many shops, a temple and an altar to The Lady, some fountains.


Vanquished creatures:
  3 small mimics
  2 watchmen
  2 wolves
  2 leprechauns
  a gold golem
  2 lizards
  a dwarf leader
  a raven
  a plains centaur
  a gnome mummy
  a bugbear
  a wood nymph
  a water nymph
  a mountain nymph
 an orc shaman
  a rock piercer
  a rock mole
  a pony
  2 yellow lights
  4 gnome leaders
  5 gnomish wizards
  a ghoul
  a straw golem
  a paper golem
  4 giant ants
  a kitten
  8 dwarves
  a kobold shaman
  a centipede
  a giant bat
  3 iguanas
 an acid blob
  a gas spore
  2 hobbits
  4 hobgoblins
  2 giant rats
  2 cave spiders
 32 gnomes
  a gnome zombie
  9 geckos
  7 jackals
  a fox
  4 goblins
  a sewer rat
  4 grid bugs
  a bat
  3 lichens
  2 kobold zombies
  5 newts
139 creatures vanquished.

No species were genocided or became extinct.

Game over:
                       ----------
                      /          \
                     /    REST    \
                    /      IN      \
                   /     PEACE      \
                  /                  \
                  |    DiePARTEI     |
                  |      615 Au      |
                  |   killed by a    |
                  |  black unicorn   |
                  |                  |
                  |                  |
                  |       2026       |
                 *|     *  *  *      | *
        _________)/\\_//(\/(/\)/\//\/|_)_______

Aloha DiePARTEI the Tourist...

You died in The Dungeons of Doom on dungeon level 5 with 5022 points,
and 615 pieces of gold, after 6295 moves.
You were level 7 with a maximum of 65 hit points when you died.

